 Dungeon Crawl Stone Soup version 0.31.0-11-ge490571c62 (webtiles) character file.

Game seed: 14927777717586063349

1479 qw the Nimble (level 8, -7/40 HPs)
             Began as a Spriggan Hunter on Feb 4, 2024.
             Mangled by an orc warrior
             ... wielding a +0 mace
              (12 damage)
             ... on level 6 of the Dungeon.
             The game lasted 00:00:17 (4156 turns).

qw the Nimble (Spriggan Hunter)                     Turns: 4156, Time: 00:00:18

Health: -7/40      AC:  2    Str:  6    XL:     8   Next: 50%
Magic:  9/9        EV: 26    Int: 15    God:
Gold:   279        SH:  0    Dex: 25    Spells: 7/7 levels left

rFire   . . .        a - +1 shortbow (elec)
rCold   . . .        (shield currently unavailable)
rNeg    . . .        c - +0 robe
rPois   +            (helmet restricted)
rElec   .            (no cloak)
rCorr   .            (gloves unavailable)
SInv    +            (boots unavailable)
Will    ++...        (no amulet)
Stlth   ++           m - ring of poison resistance
HPRegen 0.26/turn    f - +6 ring of dexterity
MPRegen 0.11/turn

%: no passive effects
@: very quick
A: very small, no large weapons, unfitting armour, see invisible, speed 3,
clever 1, strong-willed 1, MP-powered wands
a: no special abilities


You were on level 6 of the Dungeon.
You visited 1 branch of the dungeon, and saw 6 of its levels.

You collected 279 gold pieces.


Innate Abilities, Weirdness & Mutations

You are very small and have problems with some larger weapons.
You are too small for most types of armour.
You have supernaturally acute eyesight. (SInv)
You cover ground extremely quickly. (Speed+++)
Your mind is acute. (Int +4, Str/Dex -1)
You are strong-willed. (Will+)
You expend magic power (3 MP) to strengthen your wands.


   Skills:
 - Level 3.2 Fighting
 + Level 8.5 Ranged Weapons
 - Level 9.1 Dodging
 - Level 1.5 Stealth


You had 7 spell levels left.
You didn't know any spells.
Your spell library was empty.

Inventory:

Hand Weapons
 a - a +1 shortbow of electrocution (weapon)
Armour
 c - a +0 robe (worn)
Jewellery
 f - a +6 ring of dexterity (right hand)
 m - a ring of poison resistance (left hand)
 Y - a ring of positive energy
Potions
 b - a potion of mutation
 d - a potion of cancellation
 e - 2 potions of might {unknown}
 g - 2 potions of curing
 i - a potion of enlightenment

Dungeon Overview and Level Annotations

Branches:
Dungeon (6/15)
 Temple: D:4-7

Altars:
Fedhas
Hepliaklqana
Nemelex Xobeh

Annotations:
D:3 1 runed translucent door, qw's ghost, amateur SpHu


Message History

The orc warrior completely misses you.
You shoot an arrow.
The arrow hits the orc warrior but does no damage.
The orc warrior is moderately wounded.
The orc warrior closely misses you.
You shoot an arrow.
The arrow barely misses the orc warrior.
The orc warrior completely misses you.
You shoot an arrow.
The arrow completely misses the orc warrior.
The orc warrior misses you.
You shoot an arrow.
The arrow hits the orc warrior but does no damage.
The orc warrior is moderately wounded.
The orc warrior hits you with a +0 mace!
You shoot an arrow. The arrow hits the orc warrior.
The orc warrior is heavily wounded.
The orc warrior completely misses you.
You shoot an arrow. The arrow hits the orc warrior.
The orc warrior is severely wounded.
The orc warrior closely misses you.
You shoot an arrow.
The arrow hits the orc warrior but does no damage.
The orc warrior is severely wounded.
The orc warrior completely misses you.
You shoot an arrow.
The arrow closely misses the orc warrior.
The orc warrior barely misses you.
You shoot an arrow.
The arrow barely misses the orc warrior.
The orc warrior barely misses you.
You shoot an arrow.
The arrow hits the orc warrior but does no damage.
The orc warrior is severely wounded.
The orc warrior hits you with a +0 mace!
You shoot an arrow.
The arrow hits the orc warrior but does no damage.
The orc warrior is severely wounded.
The orc warrior hits you with a +0 mace!
You die...

#.....# #.....#
#.....#
#.....#.......
#.....#.......
#.....#.......
...####.....#.......
......o@....+.......
..)##)#)....#......[
#. #####.#....... ..
#............ .. ..
#.#...####### .. .#
.. #...# ... ...
#...# ... ..#.##...#
###....
..)......#####.#.#..


You could see an orc warrior.

Vanquished Creatures
  4 yaks (D:6)
  A black bear (D:6)
  An ice beast (D:5)
  A phantom (D:4)
  A bombardier beetle (D:5)
  A gnoll bouda (D:5)
  A hound (D:5)
  A jelly (D:4)
  5 orc priests
  A sleepcap (D:4)
  Terence (D:3)
  3 iguanas
  4 orc wizards
  3 adders
  5 gnolls (D:5)
  A ribbon worm (D:3)
  A dart slug (D:3)
  19 orcs
  6 ball pythons
  3 endoplasms
  A giant cockroach (D:4)
  2 hobgoblins
  4 jackals
  5 kobolds
  7 quokkas
  2 frilled lizards
  5 goblins
  6 rats (D:1)
95 creatures vanquished.

Notes
Turn   | Place    | Note
-------+----------+-------------------------------------------
     0 | D:1      | qw the Spriggan Hunter began the quest for the Orb.
     0 | D:1      | Reached XP level 1. HP: 10/10 MP: 2/2
     0 | D:1      | 0 ||| qw: Version: 0.3-a-160-g6735b56
     0 | D:1      | 0 ||| qw: Game counter: 5012
     0 | D:1      | 0 ||| qw: Melee chars always use a shield: true
     0 | D:1      | 0 ||| qw: God list: Okawaru
     0 | D:1      | 0 ||| qw: Allow faded altars: false
     0 | D:1      | 0 ||| qw: Do Orc after clearing Dungeon:15 true
     0 | D:1      | 0 ||| qw: Do second Lair branch before Depths: true
     0 | D:1      | 0 ||| qw: Lair rune preference: random
     0 | D:1      | 0 ||| qw: Goals: Normal
     0 | D:1      | 0 ||| PLANNING D:1-11
    46 | D:1      | Reached skill level 3 in Dodging
   122 | D:1      | Reached XP level 2. HP: 12/14 MP: 3/3
   204 | D:1      | Reached skill level 4 in Dodging
   600 | D:1      | 600 ||| READING scroll labelled VUSIBIYC QAEL.
   601 | D:1      | 601 ||| DROPPING scroll of butterflies.
   754 | D:2      | Reached XP level 3. HP: 18/18 MP: 4/4
   980 | D:2      | Found a faded altar of an unknown god.
   980 | D:2      | Noticed a lorocyproca
  1127 | D:2      | 1127 ||| UPGRADING to ring of positive energy.
  1128 | D:2      | 1128 ||| READING scroll labelled DIMOIRA RUFOLAJU.
  1128 | D:2      | 1128 ||| IDENTIFYING fuming silvery potion
  1129 | D:2      | 1129 ||| READING scroll labelled FUSUL DAIFEGG.
  1129 | D:2      | 1129 ||| BRANDING +0 shortbow.
  1130 | D:2      | 1130 ||| DRINKING 2 red potions.
  1130 | D:2      | Gained mutation: You are strong-willed. (Will+) [potion of
                  | mutation]
  1130 | D:2      | Gained mutation: You have hidden genetic potential. [potion
                  | of mutation]
  1131 | D:2      | 1131 ||| DRINKING 2 sedimented yellow potions.
  1132 | D:2      | 1132 ||| DROPPING potion of magic.
  1191 | D:3      | Noticed qw's ghost (amateur SpHu)
  1228 | D:3      | Found a runed translucent door.
  1385 | D:3      | Noticed Terence
  1388 | D:3      | Killed Terence
  1389 | D:3      | Reached XP level 4. HP: 22/22 MP: 5/5
  1422 | D:3      | Gained mutation: Your mind is acute. (Int +4, Str/Dex -1)
                  | [hidden potential]
  1561 | D:3      | Identified the +4 mace of Wotosmo {freeze, Int+7}
  1830 | D:3      | 1830 ||| UPGRADING to +6 ring of dexterity.
  1831 | D:3      | 1831 ||| UPGRADING to ring of poison resistance.
  1833 | D:3      | 1833 ||| READING 3 scrolls of identify.
  1833 | D:3      | 1833 ||| IDENTIFYING murky blue potion
  1834 | D:3      | 1834 ||| READING 2 scrolls of identify.
  1834 | D:3      | 1834 ||| IDENTIFYING lumpy golden potion
  1835 | D:3      | 1835 ||| READING scroll of identify.
  1835 | D:3      | 1835 ||| IDENTIFYING puce potion
  1836 | D:3      | 1836 ||| READING scroll labelled HIMU DEIMNINIU.
  1836 | D:3      | 1836 ||| ENCHANTING +0 shortbow of electrocution.
  1837 | D:3      | 1837 ||| DRINKING 2 green potions.
  1838 | D:3      | 1838 ||| DRINKING 2 brown potions.
  1839 | D:3      | 1839 ||| DROPPING potion of berserk rage.
  1840 | D:3      | 1840 ||| DROPPING potion of attraction.
  1960 | D:4      | Found a sparkling altar of Nemelex Xobeh.
  1968 | D:4      | Reached skill level 5 in Dodging
  2057 | D:4      | Found a blossoming altar of Fedhas.
  2069 | D:4      | Reached XP level 5. HP: 25/25 MP: 6/6
  2095 | D:4      | Found a hazy altar of Hepliaklqana.
  2134 | D:4      | 2134 ||| FLEEEEING.
  2137 | D:4      | Reached skill level 6 in Dodging
  2137 | D:4      | 2137 ||| FLEEEEING.
  2138 | D:4      | 2138 ||| FLEEEEING.
  2139 | D:4      | 2139 ||| FLEEEEING.
  2140 | D:4      | 2140 ||| FLEEEEING.
  2140 | D:4      | Gained mutation: You expend magic power (3 MP) to
                  | strengthen your wands. [hidden potential]
  2140 | D:4      | Lost mutation: You have hidden genetic potential. [hidden
                  | potential expressed]
  2142 | D:4      | 2142 ||| FLEEEEING.
  2143 | D:4      | 2143 ||| FLEEEEING.
  2144 | D:4      | 2144 ||| FLEEEEING.
  2145 | D:4      | 2145 ||| FLEEEEING.
  2146 | D:4      | 2146 ||| FLEEEEING.
  2147 | D:4      | 2147 ||| FLEEEEING.
  2148 | D:4      | 2148 ||| FLEEEEING.
  2149 | D:4      | 2149 ||| FLEEEEING.
  2150 | D:4      | 2150 ||| FLEEEEING.
  2151 | D:4      | 2151 ||| FLEEEEING.
  2152 | D:4      | 2152 ||| FLEEEEING.
  2153 | D:4      | 2153 ||| FLEEEEING.
  2155 | D:4      | 2155 ||| FLEEEEING.
  2156 | D:4      | 2156 ||| FLEEEEING.
  2157 | D:4      | 2157 ||| FLEEEEING.
  2158 | D:4      | 2158 ||| FLEEEEING.
  2159 | D:4      | 2159 ||| FLEEEEING.
  2160 | D:4      | 2160 ||| FLEEEEING.
  2161 | D:4      | 2161 ||| FLEEEEING.
  2162 | D:4      | 2162 ||| FLEEEEING.
  2163 | D:4      | 2163 ||| FLEEEEING.
  2164 | D:4      | 2164 ||| FLEEEEING.
  2165 | D:4      | 2165 ||| FLEEEEING.
  2166 | D:4      | 2166 ||| FLEEEEING.
  2167 | D:4      | 2167 ||| FLEEEEING.
  2168 | D:4      | 2168 ||| FLEEEEING.
  2169 | D:4      | 2169 ||| FLEEEEING.
  2172 | D:4      | 2172 ||| FLEEEEING.
  2479 | D:4      | Reached XP level 6. HP: 30/30 MP: 7/7
  2668 | D:4      | Reached skill level 6 in Ranged Weapons
  3033 | D:4      | 3033 ||| READING scroll labelled HUPHOMO YCEZO.
  3037 | D:4      | 3037 ||| READING scroll labelled ANESHEKKOGH.
  3138 | D:4      | 3138 ||| READING scroll labelled MILUQU WOGIUTZ.
  3139 | D:4      | 3139 ||| DRINKING 2 orange potions.
  3140 | D:4      | 3140 ||| DRINKING 2 emerald potions.
  3176 | D:4      | 3176 ||| DROPPING potion of degeneration.
  3177 | D:4      | 3177 ||| DROPPING potion of lignification.
  3193 | D:5      | Entered Level 5 of the Dungeon
  3292 | D:5      | Reached skill level 7 in Dodging
  3427 | D:5      | Noticed an ice beast
  3435 | D:5      | HP: 3/30 [ice beast (9)]
  3436 | D:5      | 3436 ||| DRINKING potion of heal wounds.
  3437 | D:5      | Killed an ice beast
  3438 | D:5      | Reached XP level 7. HP: 35/35 MP: 8/8
  3877 | D:5      | 3877 ||| READING scroll of identify.
  3877 | D:5      | 3877 ||| IDENTIFYING scroll labelled LOPHEK FUNO
  3878 | D:5      | 3878 ||| READING scroll labelled NUASHR ILUSSOPSO.
  3879 | D:5      | 3879 ||| READING scroll labelled YRCHUI VAYREQ.
  3880 | D:5      | 3880 ||| DROPPING scroll of torment.
  3928 | D:6      | Reached skill level 8 in Dodging
  3929 | D:6      | Noticed a yak
  3930 | D:6      | Noticed a yak
  3933 | D:6      | Noticed a yak
  3934 | D:6      | Killed a yak
  3936 | D:6      | Noticed a yak
  3938 | D:6      | Killed a yak
  3939 | D:6      | Reached XP level 8. HP: 28/39 MP: 9/9
  3939 | D:6      | 3939 ||| FLEEEEING.
  3940 | D:6      | 3940 ||| STAIRDANCE
  3989 | D:6      | Reached skill level 9 in Dodging
  3997 | D:6      | Reached skill level 3 in Fighting
  4106 | D:6      | Identified the +0 leather armour "Fuuk" {rPois Int+3}
  4155 | D:6      | HP: 5/40 [orc warrior/+0 mace (10)]
  4156 | D:6      | Mangled by an orc warrior

Levels and vault maps discovered:
D:1:      minmay_arrival_four_loops, layout_basic
D:2:      layout_basic, dreamdust_ecumenical_altar_sealed_demon
D:3:      layout_basic, serial_corexii_hall, corexii_hall_statues_deadend,
          corexii_hall_statues_t, hellmonk_ghost_happy_afterlife, uniq_terence
D:4:      layout_basic, amcnicky_altar_gilded, mainiacjoe_overflow_brackets,
          kennysheep_mini_moat, roderic_lattice_a
D:5:      layout_loops_ring
D:6:      layout_basic, minmay_temple_entry_trees, gammafunk_ghost_cemetery,
          dilly_guarded_unrand_morg

Skill      XL: |  1  2  3  4  5  6  7  8 |
---------------+-------------------------+-----
Dodging        | 3 4 5 6 7 8 9 |  9.1
Ranged Weapons | 5 6 8 |  8.5
Fighting       | 2 3 |  3.2
Stealth        | |  1.5

Action                     |  1- 3 |  4- 6 |  7- 9 || total
---------------------------+-------+-------+-------++-------
   Fire: Shortbow          |    96 |   110 |   105 ||   311
    Use: Scroll            |     3 |     7 |     3 ||    13
         Potion            |     2 |     5 |       ||     7
 Armour: Robe              |    10 |     6 |    18 ||    34
  Dodge: Dodged            |    47 |    21 |    81 ||   149

Table legend:
 A = Non-vault XP
 B = Vault XP
 C = Vault XP percentage of total XP
 D = Non-vault monster count
 E = Vault monster count
 F = Vault count percentage of total count
                 A         B        C        D         E       F
            +---------+---------+-------+---------+---------+-------
      Total |    2078 |      36 |   1.7 |      94 |       1 |   1.1
            +---------+---------+-------+---------+---------+-------
        D:1 |      35 |       0 |   0.0 |      22 |       0 |   0.0
        D:2 |      11 |       0 |   0.0 |       6 |       0 |   0.0
        D:3 |      69 |      36 |  34.3 |      14 |       1 |   6.7
        D:4 |     374 |       0 |   0.0 |      19 |       0 |   0.0
        D:5 |     484 |       0 |   0.0 |      22 |       0 |   0.0
        D:6 |    1105 |       0 |   0.0 |      11 |       0 |   0.0
            +---------+---------+-------+---------+---------+-------
